 Dungeon Crawl Stone Soup version 0.31-a0-142-g31f6795574 (webtiles) character file.

Game seed: 3980515797554635775

0 Esekla the Sneak (level 1, 0/16 HPs)
             Began as an Octopode Delver on June 4, 2023.
             Succumbed to a scorpion's poison
             ... on level 5 of the Dungeon.
             The game lasted 00:03:13 (262 turns).

Esekla the Sneak (Octopode Delver)                   Turns: 262, Time: 00:03:13

Health: 0/16       AC:  1    Str: 11    XL:     1   Next: 0%
Magic:  1/1        EV: 13    Int: 12    God:
Gold:   0          SH:  0    Dex: 13    Spells: 0/0 levels left

rFire   . . .        a - +0 falchion
rCold   . . .        (no shield)
rNeg    . . .        (helmet restricted)
rPois   .            (no amulet)
rElec   .            (no ring)
rCorr   .            (no ring)
SInv    .            (no ring)
Will    .....        (no ring)
Stlth   ++++         (no ring)
HPRegen 0.22/turn    (no ring)
MPRegen 0.07/turn    (no ring)
                     (no ring)

%: no passive effects
@: lethally poisoned (0 -> -11)
A: almost no armour, amphibious, 8 rings, camouflage 1, gelatinous body 1,
(nimble swimmer 1), tentacles
a: no special abilities


You were on level 5 of the Dungeon.
You visited 1 branch of the dungeon, and saw 1 of its levels.

Inventory:

Hand Weapons
 a - a +0 falchion (weapon)
 i - a +0 dagger
Wands
 f - a wand of digging (3)
Scrolls
 b - a scroll of fog
 c - a scroll of magic mapping
 d - a scroll of fear
 g - a scroll of vulnerability {unknown}
 h - 2 scrolls of identify {unknown}
Potions
 e - a potion of haste


   Skills:
 * Level 3.0 Fighting
 * Level 2.0 Long Blades
 * Level 2.0 Dodging
 + Level 6.6 Stealth


You couldn't memorise any spells.
You didn't know any spells.
Your spell library was empty.

Dungeon Overview and Level Annotations

Branches:
Dungeon (5/15)             Temple (0/1) D:5

Altars:


Innate Abilities, Weirdness & Mutations

You cannot wear most types of armour.
You are amphibious.
You can wear up to eight rings at the same time.
Your skin changes colour to match your surroundings (Stealth+).
Your rubbery body absorbs attacks. (AC +1, EV +1)
((You are camouflaged when in or above water. (Stealth+)))
You have tentacles for arms and can constrict up to eight enemies at once.


Message History

There is an escape hatch in the floor here.
Found a dagger.
Found a robe.
You see here a +0 robe.
Found 9 gold pieces and 3 stones.
An orc wizard, an orc priest, an orc warrior and an orc come into view.
Found a scroll labelled ASAICUTT XECLO, 3 stones and 6 gold pieces.
You see here a +0 robe.
Found a stone staircase leading down.
A white imp comes into view. 5 orcs come into view.
Found a morningstar.
There is an escape hatch in the floor here.
You hit the scorpion. You grab the scorpion.
The scorpion is lightly wounded.
You constrict the scorpion, but do no damage.
The scorpion stings you.
You hit the scorpion but do no damage. You squeeze the scorpion.
The scorpion is moderately wounded.
You constrict the scorpion. The scorpion barely misses you.
The scorpion stings you.
You hit the scorpion but do no damage.
The scorpion is moderately wounded.
You constrict the scorpion. The scorpion stings you.
You hit the scorpion but do no damage.
The scorpion is heavily wounded.
You constrict the scorpion. The scorpion barely misses you. x2
You hit the scorpion.
The scorpion is almost dead.
You constrict the scorpion, but do no damage.
The scorpion stings you.
* * * LOW HITPOINT WARNING * * *
You are lethally poisoned!
The scorpion poisons you!
Okay, then.
You hit the scorpion.
The scorpion is almost dead.
You constrict the scorpion.
You kill the scorpion!
You die...

,,,,,,,,,,#O................#..##
,,,,,,,,,,*,,#....######....#....
*****,,,,,*,,*,##...##########.##
* *,,,,,****,#................. *
*,,,,,,,,,,#.######.######.##
*****,,,,******#.# #.## #.#
,,,,,,,,,* #.# #..### #.#
*****,,,,* #.# ##...###.#
*****,,,,* #@#########..##.##
,,,,,,,,,******#.......# ##.##...
*****,,****,,,,........###.....#*
,,,**,,,* *,,,........§≈§...#..#
,,,,*,,,* *,,..........§§.....>##
,,,,*,,,* *,....................#
,,,,*,,,* *......≈..........≈....
,,,**,,,* #.....≈§..........≈≈...
*,***,,<* *,,,,,.................


There were no monsters in sight!

Vanquished Creatures
  A scorpion (D:5)
1 creature vanquished.

Notes
Turn   | Place    | Note
-------+----------+-------------------------------------------
     0 | D:5      | Esekla the Octopode Delver began the quest for the Orb.
     0 | D:5      | Reached XP level 1. HP: 16/16 MP: 1/1
    29 | D:5      | Noticed a scorpion
    48 | D:5      | Noticed an ogre
   133 | D:5      | Noticed an orc wizard
   133 | D:5      | Noticed an orc priest
   133 | D:5      | Noticed an orc warrior
   262 | D:5      | Killed a scorpion
   262 | D:5      | Succumbed to a scorpion's poison

Illustrated notes

Levels and vault maps discovered:
D:5:      layout_basic, minmay_temple_entry_slanted, gammafunk_ghost_cemetery,
          kennysheep_decorative_pillar, small_statue_intersection,
          kennysheep_pointless_box, minmay_misc_feat_enclosed, chequers_jeans,
          guppyfry_early_orc_mine, uniq_blork_the_orc

Action                     || total
---------------------------++-------
  Melee: Falchion          ||     6
         Constrict         ||     1
         Tentacles         ||     1
    Use: Scroll            ||     1
  Dodge: Dodged            ||     3

Table legend: (Time is in decaauts)
 A = Elapsed time spent in this place.
 B = Non-inter-level travel time spent in this place.
 C = Inter-level travel time spent in this place.
 D = Time resting spent in this place.
 E = Time spent auto-exploring this place.
 F = Levels seen in this place.
 G = Mean time per level.
                   A        B        C        D        E       F      G
               +--------+--------+--------+--------+--------+-----+--------+
         Total |    263 |    263 |      0 |      0 |      0 |   1 |  263.0 |
       Dungeon |    263 |    263 |      0 |      0 |      0 |   1 |  263.0 |
               +--------+--------+--------+--------+--------+-----+--------+

Top non-repeatable levels by time:
     D:5: 263 daAuts
